 Dungeon Crawl Stone Soup version 0.23.1-38-g628c18f (webtiles) character file.

Game seed: 18228095201197668252

195 Fang the Skirmisher (level 5, -14/51 HPs)
             Began as a Gargoyle Berserker on Mar 28, 2019.
             Was a Priest of Trog.
             Demolished by an ogre
             ... wielding a +0 giant club
              (19 damage)
             ... on level 4 of the Dungeon.
             The game lasted 00:03:22 (2418 turns).

Fang the Skirmisher (Gargoyle Berserker)            Turns: 2418, Time: 00:03:22

Health: -14/51     AC: 13    Str: 22    XL:     5   Next: 74%
Magic:  5/5        EV:  9    Int:  7    God:    Trog [***...]
Gold:   184        SH:  0    Dex:  9    Spells: 4/4 levels left

rFire    . . .     SeeInvis +   a - +0 hand axe
rCold    . . .     Gourm    .   (no shield)
rNeg     + . .     Faith    .   m - +0 chain mail
rPois    ∞         Spirit   .   (no helmet)
rElec    +         Reflect  .   (no cloak)
rCorr    .         Harm     .   (no gloves)
MR       .....                  (no boots)
Stlth    ..........             (no amulet)
HPRegen  0.17/turn              s - -5 ring of strength (curse)
MPRegen  0.09/turn              e - ring of see invisible

@: berserking, slowed
A: negative energy resistance 1, electricity resistance, unbreathing,
petrification resistance, rot immunity, AC +4
a: Berserk, Trog's Hand, Renounce Religion


You were on level 4 of the Dungeon.
You worshipped Trog.
Trog was most pleased with you.
You were very hungry.

You visited 2 branches of the dungeon, and saw 5 of its levels.

You collected 184 gold pieces.

Inventory:

Hand Weapons
 a - a +0 hand axe (weapon)
Armour
 m - a +0 chain mail (worn)
Jewellery
 e - a ring of see invisible (right hand)
 s - a cursed -5 ring of strength (left hand)
Scrolls
 i - 6 scrolls of identify {unknown}
 l - a scroll of noise {unknown}
 n - a scroll of magic mapping {unknown}
 o - a scroll of teleportation {unknown}
 p - a scroll of fear
Potions
 b - a potion of mutation {unknown}
 d - 2 potions of heal wounds {unknown}
 f - a potion of cancellation {unknown}
 h - 2 potions of haste {unknown}
 j - 4 potions of curing {unknown}
 k - a potion of agility {unknown}
 q - a potion of magic {unknown}
 r - a potion of flight {unknown}
Comestibles
 c - 6 rations
 g - 3 chunks of flesh


   Skills:
 + Level 4.3 Fighting
 + Level 3.6 Axes
 + Level 3.6 Armour
 + Level 2.7 Dodging


You had 4 spell levels left.
You didn't know any spells.
Your spell library was empty.

Dungeon Overview and Level Annotations

Branches:
Dungeon (4/15)             Temple (1/1) D:4

Altars:
Cheibriados
Fedhas


Innate Abilities, Weirdness & Mutations

You are resistant to torment.
Your stone body is resilient. (AC +4)
You are immune to poison.
You resist negative energy. (rN+)
You are resistant to electric shocks. (rElec)
You can survive without breathing.
You are immune to petrification.
You are immune to rotting.


Message History

Trog accepts your kill.
The orc wizard hits you but does no damage.
You barely miss the ogre. You slash the plant! You hit the orc wizard.
The ogre hits you with a +0 giant club.
You hit the ogre.
The ogre is lightly wounded.
You closely miss the orc wizard. x2; You hit the plant but do no damage.
The orc wizard hits you but does no damage.
The orc priest invokes the aid of Beogh against you.
Beogh smites you!
* * * LOW HITPOINT WARNING * * *
The orc wizard completely misses you.
You slash the ogre!
The ogre is severely wounded.
You hit the plant. You closely miss the orc wizard. You slash the orc wizard!
The orc wizard hits you but does no damage.
The orc wizard points at you and mumbles some strange words.
You feel yourself slow down.
The ogre hits you with a +0 giant club!!
You die...

................
...#...#.#..#......###
...#...#.............#
#....####.........#.# ##
#....###..........#..
#..#....#)...........##.
#.......#..........##.
..#...)..............###
..o...O@................
......ooPP..............
.......PPP.P............
........._PP........<÷..
.......PPP.P.........÷..
.#####..PPP.............
##.................
..###.............
#............


You could see an ogre, an orc priest and 2 orc wizards.

Vanquished Creatures
  A hound (D:4)
  Crazy Yiuf (D:3)
  5 adders
  5 worms
  5 dart slugs
  2 leopard geckos
  5 orcs
  A giant cockroach (D:2)
  3 hobgoblins
  4 jackals (D:1)
  6 kobolds
  2 quokkas
  9 bats
  2 frilled lizards
  7 goblins
  A quokka zombie (D:2)
  10 rats
69 creatures vanquished.

Notes
Turn   | Place    | Note
-------+----------+-------------------------------------------
     0 | D:1      | Fang the Gargoyle Berserker began the quest for the Orb.
     0 | D:1      | Reached XP level 1. HP: 14/14 MP: 1/1
   223 | D:1      | Reached XP level 2. HP: 16/19 MP: 2/2
   770 | D:2      | Reached XP level 3. HP: 17/23 MP: 3/3
   929 | D:2      | Reached ** piety under Trog
  1329 | D:2      | Reached XP level 4. HP: 28/29 MP: 4/4
  1687 | D:3      | Reached skill level 4 in Fighting
  1830 | D:3      | Found a snail-covered altar of Cheibriados.
  1850 | D:3      | Reached *** piety under Trog
  1966 | D:3      | Reached XP level 5. HP: 31/33 MP: 5/5
  2012 | D:3      | Found a runed translucent door.
  2013 | D:3      | Noticed Crazy Yiuf
  2140 | D:3      | Killed Crazy Yiuf
  2350 | D:4      | Found a staircase to the Ecumenical Temple.
  2394 | Temple   | Entered the Ecumenical Temple
  2406 | D:4      | Found a blossoming altar of Fedhas.
  2410 | D:4      | Noticed an ogre
  2418 | D:4      | Demolished by an ogre

Skill      XL: |  1  2  3  4 |
---------------+-------------+-----
Axes           | 3 |  3.6
Dodging        | 2 |  2.7
Armour         | 3 |  3.6
Fighting       | 4 |  4.3

Action                   |  1- 3 |  4- 6 || total
-------------------------+-------+-------++-------
Melee: Hand axe          |   135 |   147 ||   282
Invok: Berserk           |       |     3 ||     3
  Use: Scroll            |     2 |       ||     2
  Eat: Chunk             |     1 |     6 ||     7
Armor: Animal skin       |    23 |       ||    23
       Chain mail        |    69 |   118 ||   187
Dodge: Dodged            |    76 |    79 ||   155
